AoeStats
← 风也温柔

Arena

511488605Analyzed
4v4 RM · 11d ago on Oct 5, 2026· 31m 56s· 8 players
Game mode
Random Map
Map size
Large (8 player)
Population
200
Speed
Normal
Resources
Standard
Victory
Conquest
Starting age
Dark Age
Ending age
Imperial Age
RankedLock teamsTeams togetherTeam positionsShared explorationLock speedFull tech treeHidden civsTurbo modeCheats
Victory
Defeat
🇬🇹 Danes · Guatemala
1130
+14
🇲🇽 Turks · Mexico
1076
+17
🇲🇽 Celts · Mexico
1015
+19
🇫🇷 Khmer · France
998
+20
vs
🇹🇷 Spanish · Türkiye
1133
-45
🇨🇳 Cumans · China
1131
-19
🇮🇩 Celts · Indonesia
1070
-17
🇨🇳 Persians · China
1024
-15
SHADOW2727z
0:34 Loom
10:39 Feudal Age
12:07 Wheelbarrow
11:20 Double-Bit Axe
18:16 Castle Age
17:14 Horse Collar
18:59 Gold Mining
28:14 Imperial Age
26:38 Padded Archer Armor
27:20 Bow Saw
28:16 Hand Cart
29:23 Leather Archer Armor
31:40 Gold Shaft Mining
32:29 Two-Man Saw
31:31 Heavy Plow
31:58 Town Watch
Condenados
10:43 Feudal Age
14:58 Castle Age
16:19 Loom
21:25 Double-Bit Axe
22:28 Horse Collar
23:04 Pikeman
26:49 Bow Saw
30:56 Wheelbarrow
31:11 Heavy Plow
31:18 Scale Mail Armor
31:29 Forging
lipesius
10:53 Feudal Age
11:09 Loom
15:30 Castle Age
13:20 Double-Bit Axe
16:51 Fletching
ravi0licru
8:23 Loom
10:23 Feudal Age
13:54 Castle Age
12:20 Double-Bit Axe
12:22 Horse Collar
13:40 Bloodlines
13:58 Gold Mining
14:49 Husbandry
18:03 Town Watch
18:56 Scale Barding Armor
19:44 Heavy Plow
21:44 Forging
22:22 Sanctity
22:27 Sanctity
23:58 Iron Casting
24:40 Wheelbarrow
24:24 Stone Mining
25:04 Chain Barding Armor
28:16 Gold Shaft Mining
30:03 Bow Saw
30:40 Devotion
30:09 Light Cavalry
31:46 Stone Shaft Mining
178296399
10:28 Feudal Age
14:39 Castle Age
12:42 Double-Bit Axe
12:52 Horse Collar
28:05 Heavy Plow
风也温柔
10:14 Feudal Age
9:50 Loom
14:29 Castle Age
12:46 Horse Collar
14:25 Double-Bit Axe
21:35 Stone Mining
23:46 Gold Mining
30:42 Padded Archer Armor
31:42 Wheelbarrow
Attila
8:33 Feudal Age
9:06 Double-Bit Axe
9:02 Horse Collar
14:41 Wheelbarrow
17:39 Scale Barding Armor
17:46 Forging
19:42 Castle Age
17:58 Forging
18:43 Gold Mining
20:03 Bloodlines
20:45 Chain Barding Armor
20:42 Heavy Plow
21:56 Capped Ram
24:46 Town Watch
24:47 Loom
28:14 Stone Mining
31:30 Imperial Age
30:02 Gold Shaft Mining
31:08 Iron Casting
muhaliefr06
9:37 Loom
11:23 Feudal Age
13:13 Wheelbarrow
14:28 Double-Bit Axe
16:59 Castle Age
15:28 Horse Collar
19:00 Fletching
20:21 Bow Saw
24:30 Gold Mining
26:05 Padded Archer Armor
28:07 Man-at-Arms
29:59 Forging
Connection lost

Rejoining the realm…

Still unreachable

The connection could not be restored.

Session expired

The server has moved on; the page needs a fresh start.